Map: Catalyst LE

Players

Juxtapose - Winner!

  • Race: Terran Terran
  • League: Platinum
  • Spawn Location: 11:00

Shanerb

  • Race: Terran Terran
  • League: Platinum
  • Spawn Location: 5:00

VOD

https://youtu.be/toJC7QkijPg

Description

The second Match of our Set, I got Terran and decided to try my usual Marine/Cyclone rush.

Time

  • Played on: Feb. 4, 2018, 11 a.m.
  • Length: 6:12
Show
View Real Time Build Order
Export as new Build Order

Juxtapose Terran - Winner!

Build Orders:  

Get SALT Encoding   

  12  0:02  SCV  
  13  0:14  SCV  
  14  0:25  Supply Depot  
  14  0:26  SCV  
  15  0:46  SCV  
  15  0:49  Barracks  
  16  0:58  SCV  
  17  1:12  Supply Depot  
  17  1:13  SCV  
  17  1:17  Refinery  
  18  1:20  Refinery  
  18  1:25  SCV  
  19  1:38  Marine  
  20  1:42  Orbital Command  
  20  2:08  Barracks Reactor  
  20  2:25  Factory  
  20  2:27  SCV  
  21  2:39  SCV  
  22  2:47  Engineering Bay  
  22  2:48  Marine  
  22  2:49  Marine  
  24  2:51  SCV  
  24  2:57  Supply Depot  
  25  3:03  SCV  
  26  3:06  Marine x2  
  26  3:09  Factory Reactor  
  28  3:17  Missile Turret  
  28  3:18  Terran Infantry Weapons Level 1  
  28  3:21  Supply Depot  
  28  3:24  Marine x2  
  30  3:42  SCV, Marine x2  
  30  3:46  Cyclone x2  
  39  3:54  Supply Depot  
  39  4:00  Marine x2  
  41  4:17  Marine  
  41  4:18  Cyclone, Marine  
  41  4:19  Cyclone  
  49  4:35  Marine x2  
  51  4:49  Supply Depot  
  51  4:50  Cyclone  
  54  4:53  Marine  
  55  5:11  Cyclone, Marine  
  55  5:13  Marine  
  60  5:18  Command Center  
  60  5:28  Marine  
  60  5:31  Marine  
  62  5:46  Marine  
  62  5:48  Marine  
Show
View Real Time Build Order
Export as new Build Order

Shanerb Terran 

Build Orders:  

Get SALT Encoding   

  12  0:00  SCV  
  13  0:13  SCV  
  14  0:17  Supply Depot  
  14  0:25  SCV  
  15  0:33  Refinery  
  15  0:40  SCV  
  16  0:45  Barracks  
  16  0:53  SCV  
  17  1:05  SCV  
  18  1:18  SCV  
  19  1:32  Orbital Command  
  19  1:42  Command Center  
  19  1:48  Barracks Reactor  
  19  1:57  SCV  
  20  2:08  Supply Depot  
  20  2:09  SCV  
  20  2:14  Refinery  
  21  2:24  Barracks  
  21  2:26  Marine x2  
  23  2:36  SCV  
  23  2:52  Factory  
  23  2:54  Marine x2  
  23  2:58  SCV  
  26  3:00  Orbital Command  
  26  3:10  SCV  
  27  3:14  Barracks Tech Lab  
  27  3:15  Marine x2  
  29  3:22  SCV  
  30  3:30  SCV  
  30  3:33  Marine  
  30  3:34  SCV, Marine  
  33  3:35  Marine  
  33  3:38  Factory Reactor  
  33  3:40  Starport  
  35  3:42  SCV  
  35  3:46  SCV, Stimpack  
  37  3:53  Marine  
  37  3:54  SCV  
  37  3:55  Marine  
  40  3:57  Marine  
  40  3:58  SCV  
  42  4:08  SCV  
  43  4:10  SCV  
  44  4:21  Engineering Bay  
  44  4:22  Engineering Bay  
  44  4:25  SCV x2  
  46  4:34  Supply Depot  
  46  4:35  Marine x3  
  49  4:39  SCV x2  
  49  4:41  Supply Depot  
  51  4:52  Medivac  
  51  4:56  Marauder, Medivac  
  57  5:02  Marine x2  
  57  5:04  Factory Tech Lab  
  57  5:05  Refinery  
  59  5:10  SCV x2  
  61  5:20  Marine  
  61  5:21  Marine  
  63  5:22  SCV x2, Medivac  
  63  5:23  Marauder  
  69  5:32  Medivac  
  69  5:34  Supply Depot x3  
  71  5:42  SCV x2  
Tags
 
Matchup
TvT
Race
Terran
Spawn Locations
Cross Positions
Add a new tag
Caveats
  • Supply blocks, unpowered buildings, or Contaminate may cause inaccurate times.
  • Supply counts are checked every 10 seconds.